 Dungeon Crawl Stone Soup version 0.18.1-2-ga659475 (webtiles) character file.

125 George the Slasher (level 4, -1/33 HPs)
             Began as a Demonspawn Gladiator on May 8, 2016.
             Slain by an orc (2 damage)
             ... on level 3 of the Dungeon.
             The game lasted 00:03:19 (2173 turns).

George the Slasher (Demonspawn Gladiator)           Turns: 2173, Time: 00:03:19

Health: -1/33      AC: 14    Str: 17    XL:     4   Next: 82%
Magic:  4/4        EV:  7    Int:  9    God:
Gold:   103        SH:  2    Dex: 13    Spells: 0 memorised, 3 levels left

rFire  . . .     SeeInvis .     a - +0 long sword
rCold  + . .     Gourm    .     o - +0 chain mail
rNeg   . . .     Faith    .     (no shield)
rPois  .         Spirit   .     c - +0 helmet
rElec  .         Dismiss  .     (no cloak)
rCorr  .         Reflect  .     (no gloves)
SustAt +         Harm     .     n - +2 pair of boots
MR     .....                    (no amulet)
Stlth  ..........               (no ring)
                                s - ring of sustain attributes

@: not resistant to hostile enchantments, extremely unstealthy
A: large bone plates 1, cold resistance 1
a: no special abilities


You were on level 3 of the Dungeon.
You were very hungry.

You visited 1 branch of the dungeon, and saw 3 of its levels.

You collected 103 gold pieces.

Inventory:

Hand Weapons
 a - a +0 long sword (weapon)
Missiles
 d - 3 throwing nets (quivered)
Armour
 c - a +0 helmet (worn)
 n - a +2 pair of boots (worn)
 o - a +0 chain mail (worn)
Jewellery
 s - a ring of sustain attributes (left hand)
 v - an uncursed amulet of the gourmand {unknown}
Wands
 r - a wand of disintegration (15/24)
Scrolls
 g - 2 scrolls of remove curse {unknown}
 h - a scroll of fear {unknown}
 k - a scroll of teleportation {unknown}
 m - 2 scrolls of identify {unknown}
 u - a scroll of enchant armour {unknown}
Potions
 i - a potion of brilliance {unknown}
 p - a potion of might {unknown}
 q - a potion of haste {unknown}
 t - a potion of flight {unknown}
Comestibles
 f - a bread ration
 j - 2 meat rations
 l - a beef jerky


   Skills:
 - Level 2.0 Fighting
 + Level 5.1 Long Blades
 - Level 1.7 Throwing
 - Level 2.6 Dodging


You had 3 spell levels left.
You didn't know any spells.

Dungeon Overview and Level Annotations

Branches:
Dungeon (3/15)

Altars:


Innate Abilities, Weirdness & Mutations

You are partially covered in large bone plates (AC +2, SH +2).
Your flesh is cold resistant.


Message History

The orc closely misses you.
You closely miss the orc wizard.
The orc wizard is almost dead.
The orc wizard casts a spell.
The orc wizard flickers and vanishes!
Deactivating autopickup; reactivate with Ctrl-A.
Something hits you.
* * * LOW HITPOINT WARNING * * *
The orc hits you but does no damage.
You miss something.
Something hits you but does no damage. x2
The orc hits you but does no damage.
You hear some strange, mumbled words.
A puff of frost appears from out of thin air!
The puff of frost misses you.
You closely miss something. Something hits you but does no damage.
The orc hits you but does no damage. Something hits you but does no damage.
You closely miss something. The orc hits you but does no damage.
You block something's attack.
You miss something. Something hits you but does no damage. The orc hits you.
You die...

#.....# #...###...
##.....####...### .
#.........#o....#
#......##.#o#####.###
#....................
#............w##....
#..........##o# .
#....##....##o##
#....##....#@{.#
#....##....#...# .####
###....##.#.##...# .......
#.......#.#.##...# #.......
####....#.#.##...# #.......
#....#.#......# .......
####....##....# .......
#.......##....##########....
#..........#+#........##....


You could see a worm and 2 orcs.

Vanquished Creatures
  An orc priest (D:3)
  Terence (D:3)
  An adder (D:2)
  4 worms
  An orc (D:3)
  5 bats
  4 giant cockroaches
  7 goblins
  9 hobgoblins
  5 kobolds
  A quokka (D:2)
  3 ball pythons
  3 giant newts
  3 rats
48 creatures vanquished.

Notes
Turn   | Place    | Note
--------------------------------------------------------------
     0 | D:1      | George the Demonspawn Gladiator began the quest for the Orb.
     0 | D:1      | Reached XP level 1. HP: 16/16 MP: 1/1
   101 | D:1      | Reached skill level 3 in Long Blades
   201 | D:1      | Gained mutation: You are partially covered in large bone plates (AC +2, SH +2). [demonic ancestry]
   201 | D:1      | Reached XP level 2. HP: 22/22 MP: 2/2
   982 | D:2      | Gained mutation: Your flesh is cold resistant. [demonic ancestry]
   982 | D:2      | Reached XP level 3. HP: 25/27 MP: 3/3
  1046 | D:2      | Reached skill level 4 in Long Blades
  1761 | D:3      | Noticed Terence
  1780 | D:3      | Killed Terence
  1780 | D:3      | Reached XP level 4. HP: 4/33 MP: 4/4
  2160 | D:3      | Reached skill level 5 in Long Blades
  2169 | D:3      | HP: 1/33 [something (4)]
  2173 | D:3      | Slain by an orc

Skill      XL: |  1  2  3  4 |
---------------+-------------+-----
Long Blades    | 3 4 5 |  5.1
Fighting       | |  2.0
Throwing       | |  1.7
Dodging        | |  2.6

Action                   |  1- 3 |  4- 6 || total
-------------------------+-------+-------++-------
Melee: Long sword        |   168 |    26 ||   194
  Eat: Chunk             |     2 |     1 ||     3
Armor: Leather armour    |    49 |       ||    49
       Chain mail        |    14 |    31 ||    45
Dodge: Dodged            |   105 |    11 ||   116
Block: Other             |    15 |     2 ||    17
